 Dungeon Crawl Stone Soup version 0.31-a0-816-gd61d57ddb1 (webtiles) character file.

Game seed: 12838985331212598950

69 Essalna the Digger (level 4, 30/30 HPs)
             Began as a Demonspawn Earth Elementalist on Sept 22, 2023.
             Was a Follower of Vehumet.
             Got out of the dungeon alive.
             The game lasted 00:03:53 (1604 turns).

Essalna the Digger (Demonspawn Earth Elementalist)  Turns: 1604, Time: 00:03:53

Health: 30/30      AC:  2    Str:  8    XL:     4   Next: 2%
Magic:  8/8        EV: 12    Int: 19    God:    Vehumet [*.....]
Gold:   102        SH:  0    Dex: 13    Spells: 8/9 levels left

rFire   . . .        g - +2 dagger (speed)
rCold   . . .        (no shield)
rNeg    . . .        a - +0 robe
rPois   .            (helmet restricted)
rElec   .            (no cloak)
rCorr   .            (no gloves)
SInv    .            (no boots)
Will    .....        (no amulet)
Stlth   ++           (no ring)
HPRegen 0.25/turn    (no ring)
MPRegen 0.11/turn

%: no passive effects
@: no status effects
A: antennae 1, ignite blood 1
a: Renounce Religion


You escaped.
You worshipped Vehumet.
Vehumet was aware of your devotion.
You visited 1 branch of the dungeon, and saw 2 of its levels.

You collected 102 gold pieces.

Inventory:

Hand Weapons
 c - a +0 halberd
 g - a +2 dagger of speed (weapon)
Armour
 a - a +0 robe (worn)
Jewellery
 m - a ring of protection from fire
Scrolls
 e - 2 scrolls of identify {unknown}
 h - 2 scrolls of immolation {unknown}
 i - a scroll of poison {unknown}
 l - a scroll of silence {unknown}
Potions
 b - a potion of magic
 d - a potion of curing {unknown}
 f - 2 potions of heal wounds {unknown}
 j - a potion of haste {unknown}
 k - a potion of mutation {unknown}


   Skills:
 - Level 1.7 Dodging
 - Level 1.7 Stealth
 + Level 3.1 Spellcasting
 - Level 0.8 Transmutations
 + Level 3.6 Earth Magic


You had 8 spell levels left.
You knew the following spells:

 Your Spells              Type           Power      Damage    Failure   Level
a - Sandblast             Erth           34%        2d9       3%          1

Your spell library contained the following spells:

 Spells                   Type           Power      Damage    Failure   Level
 Freeze                   Ice            12%        1d3       16%         1
 Passwall                 Tmut/Erth      9%         N/A       9%          2
 Stone Arrow              Conj/Erth      20%        3d8       22%         3
 Petrify                  Tmut/Erth      11%        N/A       52%         4
 Brom's Barrelling Bould  Conj/Erth      10%        2d3       56%         4


Dungeon Overview and Level Annotations

Branches:
Dungeon (2/15)

Altars:
Vehumet

Shops:
D:2 (

Annotations:
D:2 1 runed translucent door, Crazy Yiuf


Innate Abilities, Weirdness & Mutations

You have a pair of small antennae on your head.
Your demonic aura sometimes causes spilled blood to erupt in flames.


Message History

A rat comes into view.
Found a glowing orb.
A rat is nearby!
A quokka comes into view.
You can't see any susceptible monsters within range! (Use Z to cast anyway.)
You can't see any susceptible monsters within range! (Use Z to cast anyway.)
You can't see any susceptible monsters within range! (Use Z to cast anyway.)
The blast of sand misses the rat.
The blast of sand hits the rat!
You kill the rat!
Vehumet accepts your kill.
You have reached level 4!
You feel clever.
Your demonic ancestry asserts itself...
A pair of antennae grows on your head!
The blast of sand hits the quokka but does no damage.
The quokka bites you. The quokka closely misses you.
The blast of sand misses the quokka.
The quokka bites you.
The blast of sand hits the quokka.
The quokka is almost dead.
The quokka bites you. The quokka closely misses you.
You are too injured to fight recklessly!
You are too injured to fight recklessly!
You are too injured to fight recklessly!
You are too injured to fight recklessly!
You are too injured to fight recklessly!
You hit the quokka.
You kill the quokka!
Vehumet accepts your kill.
You feel your power returning.
m - a ring of protection from fire
Things that are here:
an orb of mayhem; 4 stones
Okay, then.
There is a stone staircase leading up here.
You climb upwards.
There is a stone staircase leading down here.
You open the door.
There is an open door here.
There is a staircase leading out of the dungeon here.
You have escaped!

.................# #........# #
..............#..###.##.....# #
.##.....#######.............#
###.....# #....#####.##### #
#.....######....# #.# ###### #
#.....#.........# #.# ##.....
###.....#.####....# #.# #......
.###...##.#############.###..####
.###.........#.'@'...............
.....#.##.#..#.###...##.###..####
..##.#.##.#..#.....####.# #..####
................#.......# #......
.###.#.####..##.######### #######
.###.#.......##.#
.....#######.##.#
############.##.# #...........#


There were no monsters in sight!

Vanquished Creatures
  An adder (D:2)
  4 dart slugs (D:1)
  5 bats
  3 endoplasms
  2 giant cockroaches
  5 goblins
  4 hobgoblins
  4 jackals (D:2)
  5 quokkas
  A ball python (D:1)
  3 frilled lizards (D:1)
  4 kobolds
  8 rats
49 creatures vanquished.

Notes
Turn   | Place    | Note
-------+----------+-------------------------------------------
     0 | D:1      | Essalna the Demonspawn Earth Elementalist began the quest
                  | for the Orb.
     0 | D:1      | Reached XP level 1. HP: 13/13 MP: 3/3
   122 | D:2      | Found a radiant altar of Vehumet.
   134 | D:2      | Became a worshipper of Vehumet
   142 | D:2      | Gained mutation: Your demonic aura sometimes causes spilled
                  | blood to erupt in flames. [demonic ancestry]
   142 | D:2      | Reached XP level 2. HP: 19/19 MP: 1/5
   508 | D:1      | Reached XP level 3. HP: 13/24 MP: 7/7
   876 | D:1      | Reached * piety under Vehumet
   876 | D:1      | Offered knowledge of Freeze by Vehumet.
  1188 | D:2      | Found a runed translucent door.
  1189 | D:2      | Noticed Crazy Yiuf
  1376 | D:2      | Found Buozeor's Weapon Boutique.
  1457 | D:2      | Found a faded altar of an unknown god.
  1540 | D:2      | Gained mutation: You have a pair of small antennae on your
                  | head. [demonic ancestry]
  1540 | D:2      | Reached XP level 4. HP: 30/30 MP: 5/8
  1604 | D:$      | Got out of the dungeon alive.

Illustrated notes

Levels and vault maps discovered:
D:1:      dpeg_arrival_tiny_c, layout_loops_cross
D:2:      layout_basic, serial_shops, nicolae_shop_scrapyard,
          ebering_ecumenical_altar_petrified, basic_altar, hex_tiny,
          chequers_serial_rivers_large_a, grunt_decor_fettered,
          minmay_tetromino_o2, uniq_crazy_yiuf_cottage

Skill      XL: |  1  2  3 |
---------------+----------+-----
Earth Magic    | 3 |  3.6
Spellcasting   | 3 |  3.1
Dodging        | |  1.7
Stealth        | |  1.7
Transmutations | |  0.8

Action                     |  1- 3 |  4- 6 || total
---------------------------+-------+-------++-------
  Melee: Unarmed           |     3 |       ||     3
         Halberd           |    41 |       ||    41
         Dagger            |     7 |     1 ||     8
   Cast: Sandblast         |    55 |     3 ||    58
   Stab: Sleeping          |     5 |       ||     5
 Armour: Robe              |    34 |     3 ||    37
  Dodge: Dodged            |    43 |     2 ||    45

Table legend: (Time is in decaauts)
 A = Elapsed time spent in this place.
 B = Non-inter-level travel time spent in this place.
 C = Inter-level travel time spent in this place.
 D = Time resting spent in this place.
 E = Time spent auto-exploring this place.
 F = Levels seen in this place.
 G = Mean time per level.
                   A        B        C        D        E       F      G
               +--------+--------+--------+--------+--------+-----+--------+
         Total |   1653 |   1560 |     93 |      0 |   1221 |   2 |  826.5 |
       Dungeon |   1653 |   1560 |     93 |      0 |   1221 |   2 |  826.5 |
               +--------+--------+--------+--------+--------+-----+--------+

Top non-repeatable levels by time:
     D:1: 969 daAuts
     D:2: 684 daAuts
